 Dungeon Crawl Stone Soup version 0.30-a0-414-gcb316572d5 (webtiles) character file.

Game seed: 10108578768549744709

17114 horus123 the Fighter (level 12, -13/97 HPs)
             Began as a Human Fighter on Dec 7, 2022.
             Was an Elder of the Shining One.
             Mangled by a boulder beetle (22 damage)
             ... on level 11 of the Dungeon.
             The game lasted 00:30:16 (13635 turns).

horus123 the Fighter (Human Fighter)               Turns: 13635, Time: 00:30:16

Health: -13/97     AC: 20    Str: 21    XL:     12   Next: 78%
Magic:  21/21      EV:  9    Int:  9    God:    the Shining One [****..]
Gold:   617        SH: 15    Dex: 13    Spells: 13/23 levels left

rFire   + . .      SeeInvis .    m - +9 war axe "Pijud" {speed, Will+}
rCold   + + +      Faith    +    c - +0 buckler
rNeg    + + +      Spirit   .    C - +6 scale mail "Seon" {rC+ rN+}
rPois   .          Reflect  .    G - +1 helmet
rElec   .          Harm     .    f - scarf {rC+ rF+}
rCorr   .          Rampage  .    v - +0 pair of gloves
Will    +....                    i - +1 pair of boots
Stlth   ..........               p - amulet of faith
HPRegen 0.36/turn                y - ring of positive energy
MPRegen 0.17/turn                D - ring of protection from cold

@: divinely shielded, glowing, studying Shields
A: no striking features
a: Renounce Religion, Divine Shield, Cleansing Flame


You were on level 11 of the Dungeon.
You worshipped the Shining One.
The Shining One was greatly pleased with you.
You visited 2 branches of the dungeon, and saw 12 of its levels.
You also visited: Bailey.

You collected 649 gold pieces.
You spent 32 gold pieces at shops.

Inventory:

Hand Weapons
 a - a +0 trident
 d - a +3 antimagic trident
 m - the +9 war axe "Pijud" (weapon) {speed, Will+}
   (You found it on level 3 of the Dungeon)

   Attacks with this weapon are significantly faster.
   Will:      It increases your willpower.
Missiles
 b - 24 javelins (quivered)
 o - a throwing net
 Q - 4 poisoned darts
Armour
 c - a +0 buckler (worn)
 f - a scarf of resistance (worn)
 i - a +1 pair of boots (worn)
 s - a +0 plate armour
 v - a +0 pair of gloves (worn)
 C - the +6 scale mail "Seon" (worn) {rC+ rN+}
   (You found it on level 8 of the Dungeon)

   rC:        It protects you from cold.
   rN:        It protects you from negative energy.
 G - a +1 helmet (worn)
 P - a +0 cloak
Jewellery
 p - an amulet of faith (around neck)
 y - a ring of positive energy (left hand)
 D - a ring of protection from cold (right hand)
 M - the amulet of Megalomania {Spirit Rampage rElec Will+ Int+3}
   (You found it in a bailey)

   [amulet of guardian spirit]

   It causes incoming damage to be divided between your reserves of health and
   magic.
   Int:       It affects your intelligence (+3).
   rElec:     It insulates you from electricity.
   Rampage:   It bestows one free step when moving towards enemies.
   Will:      It increases your willpower.
 T - an amulet of guardian spirit
Wands
 x - a wand of flame (34)
 B - a wand of digging (8)
 J - a wand of charming (3)
Scrolls
 e - a scroll of silence
 n - a scroll of torment
 q - a scroll of noise
 r - 3 scrolls of teleportation
 t - 2 scrolls of immolation
 u - a scroll of brand weapon
 w - 2 scrolls of magic mapping
 A - 3 scrolls of enchant weapon {unknown}
 F - 3 scrolls of enchant armour
 N - a scroll of vulnerability {unknown}
 R - a scroll of identify
Potions
 g - a potion of cancellation {unknown}
 h - 2 potions of degeneration {unknown}
 j - 2 potions of curing {unknown}
 k - 4 potions of mutation
 z - a potion of resistance {unknown}
 E - 2 potions of berserk rage {unknown}
 I - a potion of ambrosia {unknown}
 K - a potion of attraction {unknown}
 O - a potion of might
 U - 2 potions of haste {unknown}
Miscellaneous
 H - a piece from Xom's chessboard (14/15)
 L - a box of beasts (inert)


   Skills:
 - Level 10.0 Fighting
 - Level 9.8(10.3) Axes
 - Level 4.9(8.0) Polearms
 + Level 8.1 Armour
 - Level 10.0 Shields
 - Level 6.4 Spellcasting
 - Level 3.9 Fire Magic
 - Level 6.0 Invocations


You had 13 spell levels left.
You knew the following spells:

 Your Spells              Type           Power      Damage    Failure   Level
a - Foxfire               Conj/Fire      24%        2x1d5     28%         1
b - Fireball              Conj/Fire      3%         3d4       100%        5
c - Flame Wave            Conj/Fire      6%         2d5       95%         4

Your spell library contained the following spells:

 Spells                   Type           Power      Damage    Failure   Level
 Beastly Appendage        Tmut           4%         N/A       52%         1
 Summon Small Mammal      Summ           8%         N/A       52%         1
 Inner Flame              Hex/Fire       6%         N/A       63%         3
 Cigotuvi's Dreadful Rot  Necr/Pois/Air  4%         N/A       67%         2
 Wereblood                Tmut           2%         N/A       67%         2
 Call Canine Familiar     Summ           2%         N/A       88%         3
 Dazzling Flash           Conj/Hex       4%         N/A       88%         3
 Spider Form              Tmut/Pois      2%         N/A       88%         3
 Summon Guardian Golem    Hex/Summ       2%         N/A       88%         3
 Sticky Flame             Conj/Fire      6%         2d3       95%         4
 Dispel Undead            Necr           2%         3d7       99%         4
 Iskenderun's Mystic Bla  Conj/Tloc      2%         2d3       99%         4
 Death Channel            Necr           1%         N/A       100%        6
 Starburst                Conj/Fire      3%         6d3       100%        6


Dungeon Overview and Level Annotations

Branches:
Dungeon (11/15)            Temple (1/1) D:7            Lair (0/5) D:8
    Orc (0/2) D:11         Bailey (visited)

Altars:
Ashenzari
Cheibriados
Dithmenos
Elyvilon
Fedhas
Gozag
Hepliaklqana
Kikubaaqudgha
Makhleb
Nemelex Xobeh
Okawaru
Qazlal
Ru
Sif Muna
Trog
Uskayaw
Vehumet
Wu Jian
Xom
Yredelemnul
Zin
The Shining One

Shops:
D:8 *[

Annotations:
D:11 Gastronok


Message History

The boulder beetle looks frightened!
The orc warrior looks frightened!
The cyclops looks frightened!
The boulder beetle leaps!
You close the door, pushing everything out of the way.
You see here a +0 arbalest.
The boulder beetle stops rolling and uncurls.
The boulder beetle leaps!
Cornered, the boulder beetle turns to fight!
The boulder beetle leaps!
The boulder beetle leaps!
The boulder beetle leaps!
The boulder beetle curls into a ball and begins rolling!
You open the lid... ...and a larval fireshock beast leaps out!
The box is emptied!
The boulder beetle hits your larval fireshock beast!!
Your larval fireshock beast dies!
Your larval fireshock beast's corpse disappears in a puff of smoke!
The boulder beetle stops rolling and uncurls.
You hit the boulder beetle.
The boulder beetle is lightly wounded.
You hit the boulder beetle.
The boulder beetle is lightly wounded.
The boulder beetle bites you!
* * * LOW HITPOINT WARNING * * *
You hit the boulder beetle but do no damage.
The boulder beetle is lightly wounded.
The boulder beetle waves its antennae.
The boulder beetle barely misses you.
You hit the boulder beetle.
The boulder beetle is lightly wounded.
You block the boulder beetle's attack.
You hit the boulder beetle but do no damage.
The boulder beetle is lightly wounded.
The boulder beetle curls into a ball and begins rolling!
The boulder beetle bites you but does no damage.
The boulder beetle curls into a ball and begins rolling!
Okay, then.
You make a move on Xom's chessboard...
The boulder beetle easily resists.
The boulder beetle hits you!!
You die...

#..###.#.####.#.#...
#..# #...# #.#.###.
#..# ##.#####>#.###.
#..####.............
#........####.#.....
#..#####.# #.######
#..#####.# #.#
#......(.####.#
#○B@..........#
#.############# #.#
#.# #### #.# ###
#~~## #.# #..##
##~~~ #B# .C..# ####
#°###....###
#Q.)+)...Q)'


You could see a boulder beetle (rolling).

Vanquished Creatures
  Fannar (D:11)
  A boulder beetle (D:11)
  A two-headed ogre (D:11)
  2 centaur warriors
  2 cyclopes (D:11)
  2 ice statues
  2 gargoyles
  A yaktaur (D:11)
  A komodo dragon (D:11)
  A kobold demonologist (D:9)
  A hornet (D:10)
  3 trolls
  A shadow (D:11)
  A wyvern (D:9)
  15 yaks
  2 steam dragons (D:7)
  Grum (D:10)
  4 vampire mosquitoes (D:10)
  A water moccasin (D:8)
  17 orc warriors
  A sky beast (D:6)
  2 ogres
  7 wolves
  14 centaurs
  2 kobold brigands (D:9)
  2 bullfrogs
  6 gnoll sergeants
  5 scorpions
  10 wights
  7 killer bees
  3 electric eels (D:8)
  2 howler monkeys
  12 hounds
  4 jellies
  6 orc priests
  3 gnoll boudas (D:8)
  An iguana (D:5)
  Ijyb (D:5)
  15 orc wizards
  34 gnolls
  8 adders
  2 shadow imps (D:5)
  2 white imps
  2 ufetubi
  A worm (D:3)
  A dart slug (D:4)
  64 orcs
  3 bats
  5 endoplasms
  A giant cockroach (D:4)
  12 goblins
  4 hobgoblins
  2 jackals (D:8)
  7 quokkas
  5 ball pythons
  4 frilled lizards
  10 kobolds
  2 rats
332 creatures vanquished.

Vanquished Creatures (others)
  2 orcs (D:7)
2 creatures vanquished.

Grand Total: 334 creatures vanquished

Notes
Turn   | Place    | Note
-------+----------+-------------------------------------------
     0 | D:1      | horus123 the Human Fighter began the quest for the Orb.
     0 | D:1      | Reached XP level 1. HP: 18/18 MP: 1/1
   237 | D:1      | Reached XP level 2. HP: 24/24 MP: 2/2
   438 | D:1      | You fall into a shaft and drop 1 floor!
   943 | D:2      | Reached XP level 3. HP: 30/30 MP: 3/3
  1343 | D:3      | Reached XP level 4. HP: 38/38 MP: 4/4
  1410 | D:3      | Identified the +9 war axe "Pijud" {speed, Will+}
  1421 | D:3      | Reached skill level 5 in Fighting
  1834 | D:3      | Found a radiant altar of Vehumet.
  2192 | D:4      | Reached XP level 5. HP: 44/44 MP: 5/5
  2336 | D:4      | Noticed an ogre
  2346 | D:4      | Killed an ogre
  2347 | D:4      | Reached XP level 6. HP: 17/53 MP: 6/6
  2673 | D:4      | Identified the +1 leather armour of Going Fast {rElec rF+
                  | Dex+5}
  3098 | D:5      | Entered Level 5 of the Dungeon
  3210 | D:4      | Reached skill level 1 in Axes
  3255 | D:5      | Reached XP level 7. HP: 49/60 MP: 7/7
  3821 | D:5      | Noticed Ijyb
  3837 | D:5      | Reached skill level 5 in Axes
  3837 | D:5      | Reached XP level 8. HP: 47/67 MP: 8/8
  3839 | D:5      | Killed Ijyb
  3964 | D:5      | Found an opulent altar of Gozag.
  5015 | D:6      | Noticed a gargoyle
  5023 | D:6      | Reached XP level 9. HP: 46/72 MP: 9/9
  5028 | D:6      | Killed a gargoyle
  5749 | D:7      | Found a staircase to the Ecumenical Temple.
  5763 | Temple   | Entered the Ecumenical Temple
  5763 | Temple   | Found a transporter.
  5763 | Temple   | Found a transporter.
  5765 | Temple   | Found a transporter.
  5765 | Temple   | Found a transporter.
  5883 | Temple   | Became a worshipper of the Shining One
  6092 | D:7      | Reached skill level 5 in Armour
  6347 | D:7      | Reached XP level 10. HP: 75/79 MP: 10/10
  6502 | D:8      | Reached * piety under the Shining One
  6664 | D:8      | Identified the +6 scale mail "Seon" {rC+ rN+}
  6706 | D:8      | Found Nesm's General Store.
  6712 | D:8      | Bought a scroll of identify for 32 gold pieces
  6722 | D:8      | Found Iddelyte's Armour Shop.
  7046 | D:8      | Found a staircase to the Lair.
  7069 | D:8      | HP: 3/83 [electric eel/bolt of electricity (7)]
  7701 | D:8      | Found a shimmering blue altar of Sif Muna.
  7876 | D:8      | Found a hide-covered altar of Uskayaw.
  7876 | D:8      | Found a burning altar of Makhleb.
  8252 | D:9      | Noticed a kobold demonologist
  8252 | D:9      | Reached ** piety under the Shining One
  8262 | D:9      | Killed a kobold demonologist
  8263 | D:9      | Reached skill level 10 in Fighting
  8292 | D:9      | Reached skill level 1 in Invocations
  8324 | D:9      | Reached skill level 1 in Spellcasting
  8326 | D:9      | Learned a level 1 spell: Foxfire
  8332 | D:9      | Learned a level 5 spell: Fireball
  8337 | D:9      | Learned a level 4 spell: Flame Wave
  8392 | D:9      | Noticed a centaur warrior
  8402 | D:9      | Killed a centaur warrior
  8403 | D:9      | Reached XP level 11. HP: 83/90 MP: 12/16
  8582 | D:9      | Reached skill level 5 in Spellcasting
  9075 | D:10     | Entered Level 10 of the Dungeon
  9149 | D:10     | Reached skill level 1 in Fire Magic
  9203 | D:10     | Found a flagged portal.
  9212 | Bailey   | Entered a bailey
  9347 | Bailey   | Reached *** piety under the Shining One
  9786 | Bailey   | Identified the amulet of Megalomania {Spirit Rampage rElec
                  | Will+ Int+3}
 10416 | Bailey   | HP: 3/90 [centaur/javelin (4)]
 11366 | D:10     | Reached XP level 12. HP: 85/97 MP: 21/21
 11442 | D:10     | Reached skill level 5 in Invocations
 11707 | D:10     | Noticed Grum
 11727 | D:10     | Killed Grum
 12187 | D:11     | Noticed a boulder beetle
 12198 | D:11     | Killed a boulder beetle
 12295 | D:11     | Reached skill level 5 in Shields
 12378 | D:11     | Found a runed translucent door.
 12378 | D:11     | Noticed a boulder beetle
 12414 | D:11     | Found a staircase to the Orcish Mines.
 12420 | D:11     | Reached **** piety under the Shining One
 12581 | D:11     | Noticed a two-headed ogre
 12587 | D:11     | Killed a two-headed ogre
 12798 | D:11     | Noticed Fannar
 12829 | D:11     | Killed Fannar
 12930 | D:11     | Reached skill level 10 in Shields
 13312 | D:11     | Noticed Gastronok
 13588 | D:11     | Noticed a centaur warrior
 13596 | D:11     | Noticed a tengu reaver
 13598 | D:11     | Noticed a boulder beetle
 13604 | D:11     | Killed a centaur warrior
 13635 | D:11     | Mangled by a boulder beetle

Illustrated notes

Levels and vault maps discovered:
D:1:      lightli_arrival_statue_moat, layout_rooms,
          chequers_serial_rivers_small_b, chequers_serial_rivers_room_b
D:2:      layout_loops_ring
D:3:      layout_basic, nicolae_vehumet_altar_sigil
D:4:      layout_gridville, minmay_diced_spiral
D:5:      layout_basic, nicolae_gozag_cash_rules_everything_around_me,
          serial_corexii_hall, chequers_hall_statues_corner_a,
          corexii_hall_statues_s, chequers_hall_statues_y,
          dreamdust_princess_corridor, minmay_checkerbox, uniq_ijyb
D:6:      layout_gridville, grunt_decor_clamped
D:7:      layout_rooms, minmay_temple_entry_large_hall, serial_bayou_pond_a,
          minmay_misc_feat_tower
D:8:      layout_cave_pools, gammafunk_temple_overflow_elements,
          mainiacjoe_overflow_surrounded_room, erik_lair_island,
          serial_gnoll_camp, gnoll_camp_huts_basic, gnoll_camp_mini_shop,
          gnoll_camp_mini_house, gnoll_camp_mini_house,
          gnoll_camp_mini_loothouse, gnoll_camp_mini_basic,
          hangedman_decor_slide_cut, nicolae_take_the_stairs
D:9:      layout_irregular_city, hellmonk_bongcloud_opening
D:10:     layout_loops_ring, enter_bailey_3, minmay_statue_bubble, uniq_grum
D:11:     layout_loops_ring, minmay_orc_entry_temple_small,
          roderic_serpentine_path, minivault_16, solitary_fountain,
          lightli_airlock, uniq_gastronok, uniq_fannar
Temple:   hellmonk_temple_divided_pantheon

Skill      XL: |  1  2  3  4  5  6  7  8  9 10 11 12 |
---------------+-------------------------------------+-----
Fighting       | 4 5 6 7 10 | 10.0
Axes           | 1 5 8 9 |  9.8
Armour         | 6 7 8 |  8.1
Invocations    | 1 4 6 |  6.0
Spellcasting   | 3 6 |  6.4
Fire Magic     | 3 |  3.9
Polearms       | 4 |  4.9
Shields        | 10 | 10.0

Action                   |  1- 3 |  4- 6 |  7- 9 | 10-12 || total
-------------------------+-------+-------+-------+-------++-------
Melee: Trident           |    97 |     6 |       |    64 ||   167
       War axe           |       |    52 |   184 |   487 ||   723
Invok: Divine Shield     |       |       |       |     2 ||     2
Evoke: Box of beasts     |       |       |       |     1 ||     1
       Piece from Xom's  |       |       |       |     1 ||     1
  Use: Potion            |       |       |     3 |     5 ||     8
       Scroll            |       |       |     3 |    12 ||    15
Armor: Scale mail        |    37 |     5 |       |   337 ||   379
       Plate armour      |       |    34 |   107 |    22 ||   163
Dodge: Dodged            |    28 |    13 |    38 |   245 ||   324
Block: Buckler           |    14 |    11 |    31 |   128 ||   184

Table legend: (Time is in decaauts)
 A = Elapsed time spent in this place.
 B = Non-inter-level travel time spent in this place.
 C = Inter-level travel time spent in this place.
 D = Time resting spent in this place.
 E = Time spent auto-exploring this place.
 F = Levels seen in this place.
 G = Mean time per level.
                   A        B        C        D        E       F      G
               +--------+--------+--------+--------+--------+-----+--------+
         Total |  13491 |  13263 |    228 |   2913 |   7735 |  13 | 1037.8 |
       Dungeon |  11560 |  11332 |    228 |   2154 |   7407 |  11 | 1050.9 |
        Temple |    138 |    138 |      0 |      0 |      5 |   1 |  138.0 |
        Bailey |   1792 |   1792 |      0 |    759 |    323 |   1 | 1792.0 |
               +--------+--------+--------+--------+--------+-----+--------+

Top non-repeatable levels by time:
  Bailey: 1792 daAuts
     D:8: 1714 daAuts
    D:11: 1470 daAuts
     D:4: 1457 daAuts
    D:10: 1220 daAuts
     D:6: 1179 daAuts
     D:3: 860 daAuts
     D:9: 825 daAuts
     D:7: 822 daAuts
     D:5: 769 daAuts
     D:2: 665 daAuts
     D:1: 576 daAuts
  Temple: 138 daAuts
